 Dungeon Crawl Stone Soup version 0.31-a0-1529-g7bd419a0e5 (webtiles) character file.

Game seed: 14922170661676926388

524 semem the Chopper (level 7, 0/43 (44) HPs)
             Began as a Tengu Monk on Dec 31, 2023.
             Was a Believer of Makhleb.
             Slain by a wight
             ... wielding a +2 short sword
              (8 damage)
             ... on level 4 of the Dungeon.
             The game lasted 00:05:33 (3544 turns).

semem the Chopper (Tengu Monk)                      Turns: 3544, Time: 00:05:34

HP:   0/43 (44)     AC:  6    Str: 13    XL:     7   Next: 22%
MP:   8/8           EV: 21    Int: 11    God:    Makhleb [**....]
Gold: 171           SH:  0    Dex: 16    Spells: 6/6 levels left

rFire   . . .        a - +0 hand axe (drain)
rCold   . . .        d - orb {light}
rNeg    + . .        g - +0 ring mail
rPois   .            l - +1 hat
rElec   .            (no cloak)
rCorr   .            (no gloves)
SInv    .            (boots unavailable)
Will    .....        (no amulet)
Stlth   +            i - +5 ring of evasion
HPRegen 0.27/turn    b - ring of positive energy
MPRegen 0.11/turn

%: acrobat
@: flying, glowing, lightly drained
A: beak, talons 3, evasive flight, acrobatic
a: Renounce Religion, Minor Destruction


You were on level 4 of the Dungeon.
You worshipped Makhleb.
Makhleb was pleased with you.
You visited 1 branch of the dungeon, and saw 4 of its levels.

You collected 171 gold pieces.

Inventory:

Hand Weapons
 a - a +0 hand axe of draining (weapon)
Missiles
 f - 2 throwing nets
Armour
 d - an orb of light (worn)
 g - a +0 ring mail (worn)
 l - a +1 hat (worn)
Jewellery
 b - a ring of positive energy (right hand)
 i - a +5 ring of evasion (left hand)
Scrolls
 j - 3 scrolls of immolation {unknown}
 o - a scroll of revelation
Potions
 c - a potion of ambrosia
 e - a potion of brilliance {unknown}
 h - a potion of haste
 k - 2 potions of resistance
 m - 2 potions of enlightenment
 n - a potion of magic {unknown}


   Skills:
 + Level 4.6 Fighting
 + Level 6.5 Axes
 + Level 2.8 Armour
 + Level 4.4 Dodging
 + Level 0.2 Stealth


You had 6 spell levels left.
You didn't know any spells.
Your spell library contained the following spells:

 Spells                   Type           Power      Damage    Failure   Level
 Freeze                   Ice            0%         1d3       58%         1
 Shock                    Conj/Air       0%         1d3       58%         1
 Summon Small Mammal      Summ           0%         N/A       58%         1
 Call Canine Familiar     Summ           0%         N/A       91%         3
 Frozen Ramparts          Ice            0%         1d1       91%         3
 Fugue of the Fallen      Necr           0%         N/A       91%         3
 Hailstorm                Conj/Ice       0%         3d5       91%         3
 Ozocubu's Armour         Ice            0%         N/A       91%         3
 Swiftness                Air            0%         N/A       91%         3
 Airstrike                Air            0%         2d(0-16)  100%        4
 Manifold Assault         Tloc           0%         N/A       100%        4
 Summon Blazeheart Golem  Fire/Summ      0%         N/A       100%        4


Dungeon Overview and Level Annotations

Branches:
Dungeon (4/15)
 Temple: D:4-7

Altars:
Makhleb


Innate Abilities, Weirdness & Mutations

You have a beak for a mouth.
You have claws for feet.
Your magical flight helps you evade attacks. (EV +4)
You can magically evade attacks while moving or waiting.


Message History

You hit the wight but do no damage. You claw the wight.
The wight is almost destroyed.
You hit the wight but do no damage. The wight barely misses you.
The wight closely misses you.
You slash the wight!
You destroy the wight!
Makhleb accepts your kill.
You feel better.
You completely miss the wight.
The wight hits you with a +2 short sword!
You partially resist.
You feel drained.
Your life force feels restored.
You hit the wight. You claw the wight.
The wight is heavily damaged.
You hit the wight but do no damage.
The wight hits you with a +2 short sword!
The wight completely misses you.
You hit the wight but do no damage. You peck the wight, but do no damage.
The wight is heavily damaged.
You hit the wight but do no damage. The wight closely misses you.
The wight barely misses you.
You hit the wight but do no damage.
The wight is heavily damaged.
You hit the wight. The wight misses you. The wight completely misses you.
You barely miss the wight. You claw the wight, but do no damage.
The wight is heavily damaged.
You hit the wight but do no damage. The wight completely misses you.
The wight barely misses you.
You hit the wight but do no damage. You claw the wight.
Your peck misses the wight.
The wight is moderately damaged.
You hit the wight but do no damage. The wight hits you with a +0 mace.
* * * LOW HITPOINT WARNING * * *
You partially resist.
You feel drained.
The wight hits you with a +2 short sword.
* * * LOW HITPOINT WARNING * * *
The wight attacks as it pursues you! The wight hits you but does no damage.
You hit the wight but do no damage. You peck the wight, but do no damage.
The wight is heavily damaged.
The wight hits you with a +2 short sword!
You die...

## ### .# #.# .#
#.##### .# #)....# .#
#########.# .#
#......@zz#
.#########.###########
...........# #.....#
############ #.###.#
#.....# #.# #.#
....#.# #.# #.#
###.#.# #.# #.#
..#.#.## #.# #.#
#.#<#.<##### #.# #.#


You could see 2 wights.

Vanquished Creatures
  A centaur (D:4)
  A phantom (D:2)
  A wight (D:4)
  An orc priest (D:4)
  Jessica (D:2)
  Terence (D:2)
  Natasha (thrice) (D:2)
  4 gnolls (D:2)
  3 adders
  3 dart slugs
  2 ribbon worms (D:2)
  4 orcs (D:4)
  10 ball pythons
  6 endoplasms
  3 giant cockroaches
  7 goblins
  4 hobgoblins
  3 jackals (D:1)
  5 quokkas
  A bat (D:2)
  7 frilled lizards
  12 kobolds
  9 rats
92 creatures vanquished.

Notes
Turn   | Place    | Note
-------+----------+-------------------------------------------
     0 | D:1      | semem the Tengu Monk began the quest for the Orb.
     0 | D:1      | Reached XP level 1. HP: 14/14 MP: 2/2
   255 | D:1      | Reached XP level 2. HP: 19/19 MP: 3/3
   440 | D:1      | Reached XP level 3. HP: 23/23 MP: 4/4
   815 | D:1      | Reached skill level 4 in Axes
  1151 | D:2      | Noticed a phantom
  1182 | D:2      | Killed a phantom
  1183 | D:2      | Reached XP level 4. HP: 16/29 MP: 5/5
  1183 | D:2      | Reached XP level 5. HP: 18/33 MP: 6/6
  1288 | D:2      | Noticed Jessica
  1292 | D:2      | Noticed Natasha
  1308 | D:2      | Killed Jessica
  1309 | D:2      | Reached skill level 1 in Armour
  1314 | D:2      | Killed Natasha
  1315 | D:2      | Reached skill level 5 in Axes
  1512 | D:2      | Reached XP level 6. HP: 25/38 MP: 7/7
  1566 | D:2      | Noticed Natasha
  1570 | D:2      | Killed Natasha
  1921 | D:2      | Noticed Terence
  1941 | D:2      | Killed Terence
  2062 | D:2      | Noticed Natasha
  2071 | D:2      | Killed Natasha
  3077 | D:4      | Found a burning altar of Makhleb.
  3086 | D:4      | Became a worshipper of Makhleb the Destroyer
  3086 | D:4      | Reached * piety under Makhleb
  3086 | D:4      | Reached ** piety under Makhleb
  3188 | D:4      | Reached skill level 6 in Axes
  3192 | D:4      | Gained mutation: Your magical flight helps you evade
                  | attacks. (EV +4) [Tengu growth]
  3192 | D:4      | Reached XP level 7. HP: 19/44 MP: 8/8
  3544 | D:4      | Slain by a wight

Illustrated notes

Levels and vault maps discovered:
D:1:      ebering_trefoil_twist, layout_basic, serial_curves, eino_curves_01,
          eino_curves_01, kennysheep_another_room, lexackson_kobold_supper
D:2:      layout_basic, minmay_split_cup_small, uniq_natasha, uniq_terence,
          uniq_jessica
D:3:      layout_loops_ring
D:4:      layout_basic, old_standard_altar, lemuel_round_altar

Skill      XL: |  1  2  3  4  5  6 |
---------------+-------------------+-----
Axes           | 4 5 6 |  6.5
Fighting       | 4 |  4.6
Dodging        | 4 |  4.4
Armour         | 1 2 |  2.8
Stealth        | |  0.2

Action                     |  1- 3 |  4- 6 |  7- 9 || total
---------------------------+-------+-------+-------++-------
  Melee: Hand axe          |    65 |   123 |    19 ||   207
         Kick              |    20 |    49 |     7 ||    76
         Peck              |     9 |    27 |     3 ||    39
    Use: Scroll            |     3 |     6 |       ||     9
 Armour: Robe              |     7 |       |       ||     7
         Scale mail        |    10 |    11 |       ||    21
         Ring mail         |       |    36 |    10 ||    46
  Dodge: Dodged            |    57 |   120 |    20 ||   197

Table legend: (Time is in decaauts)
 A = Elapsed time spent in this place.
 B = Non-inter-level travel time spent in this place.
 C = Inter-level travel time spent in this place.
 D = Time resting spent in this place.
 E = Time spent auto-exploring this place.
 F = Levels seen in this place.
 G = Mean time per level.
                   A        B        C        D        E       F      G
               +--------+--------+--------+--------+--------+-----+--------+
         Total |   3552 |   3434 |    118 |      0 |   2739 |   4 |  888.0 |
       Dungeon |   3552 |   3434 |    118 |      0 |   2739 |   4 |  888.0 |
               +--------+--------+--------+--------+--------+-----+--------+

Top non-repeatable levels by time:
     D:2: 1294 daAuts
     D:1: 1068 daAuts
     D:3: 673 daAuts
     D:4: 515 daAuts
